Map: Moondance

Players

Kube - Winner!

  • Race: Zerg Zerg
  • League: Master
  • Spawn Location: 12:00

Skyler

  • Race: Terran Terran
  • League: Master
  • Spawn Location: 6:00

VOD

Have the link to the VOD?

Description

Time

  • Played on: Aug. 23, 2022, 3:54 p.m.
  • Length: 14:36
Show
View Real Time Build Order
Export as new Build Order

Kube Zerg - Winner!

Build Orders: Hatch First 

Get SALT Encoding   

  12  0:00  Drone  
  13  0:13  Overlord  
  13  0:17  Drone  
  14  0:31  Drone x2  
  16  0:37  Drone  
  17  0:51  Hatchery  
  17  0:55  Drone  
  17  1:00  Drone  
  18  1:09  Extractor  
  17  1:14  Spawning Pool  
  17  1:16  Drone  
  17  1:19  Drone  
  18  1:29  Drone  
  19  1:39  Overlord  
  19  1:55  Drone  
  19  2:00  Queen  
  19  2:01  Zergling x2  
  23  2:03  Zergling x2, Queen  
  26  2:12  Drone  
  26  2:14  Drone  
  28  2:23  Spore Crawler  
  28  2:30  Hatchery, Metabolic Boost  
  28  2:35  Drone x2  
  29  2:40  Spore Crawler  
  28  2:45  Drone x2  
  28  2:46  Drone  
  28  2:50  Drone  
  33  2:53  Queen  
  35  2:58  Overlord  
  35  3:09  Overlord, Drone  
  37  3:20  Drone x3  
  37  3:22  Drone x2  
  37  3:24  Drone  
  42  3:31  Drone x2  
  44  3:38  Roach Warren  
  43  3:41  Extractor  
  43  3:43  Extractor, Drone x2  
  43  3:51  Drone x4  
  43  3:55  Overlord x2  
  47  4:18  Roach x7  
  47  4:22  Overlord  
  61  4:25  Roach  
  61  4:26  Roach x3, Zergling x2  
  70  4:32  Overlord  
  70  4:38  Overlord  
  70  4:42  Zergling x4  
  73  4:45  Ravager x2  
  73  4:49  Overlord  
  74  4:53  Ravager  
  74  5:00  Ravager  
  74  5:02  Zergling x8  
  74  5:03  Zergling x6  
  64  5:15  Zergling x12  
  70  5:21  Zergling x2  
  70  5:22  Zergling x4  
  70  5:25  Zergling x2  
  74  5:32  Zergling x4  
  74  5:35  Ravager x3  
  78  5:36  Zergling x2  
  71  5:52  Overlord  
  71  5:53  Drone  
  71  5:54  Zergling x12  
  78  6:01  Zergling x2  
  79  6:08  Roach x3  
  85  6:14  Overlord  
  85  6:15  Overlord  
  85  6:16  Lair  
  85  6:20  Evolution Chamber  
  72  6:40  Zergling x8  
  72  6:41  Roach x2, Zergling x10  
  76  6:51  Zergling x6  
  76  6:52  Zergling x4  
  74  6:57  Zergling x2  
  74  7:00  Drone  
  73  7:03  Drone x2  
  75  7:13  Hatchery  
  68  7:26  Overlord  
  68  7:27  Drone  
  63  7:30  Drone x2  
  63  7:33  Drone  
  63  7:34  Drone x2  
  63  7:35  Zerg Ground Armor Level 1  
  63  7:36  Drone x2  
  63  7:37  Spire  
  67  7:38  Evolution Chamber  
  67  7:39  Roach x2, Extractor  
  67  7:40  Drone x5  
  73  7:45  Drone  
  73  7:46  Drone  
  73  7:50  Roach, Glial Reconstitution  
  77  7:52  Drone  
  77  7:57  Roach  
  75  8:06  Roach x3  
  75  8:10  Drone x2  
  81  8:15  Zergling x4  
  81  8:17  Ravager x2  
  85  8:24  Zergling x12  
  93  8:27  Ravager x4  
  93  8:30  Queen  
  93  8:31  Drone x3  
  93  8:33  Extractor x2, Queen  
  100  8:35  Drone x2  
  100  8:36  Overseer  
  100  8:39  Drone x3  
  105  8:44  Drone  
  105  8:45  Drone x4  
  110  8:54  Mutalisk  
  110  8:55  Mutalisk  
  115  9:02  Drone  
  115  9:03  Drone x4  
  115  9:07  Zergling x4  
  115  9:08  Zergling x4, Hatchery  
  113  9:14  Zergling x6  
  116  9:18  Zergling x4, Spore Crawler  
  116  9:22  Zergling x2  
  116  9:23  Overlord x3  
  112  9:28  Drone  
  103  9:33  Drone  
  103  9:40  Overlord  
  101  9:50  Overlord  
  101  9:51  Drone x4  
  101  9:52  Drone x3  
  108  9:53  Drone  
  108  10:00  Zerg Melee Weapons Level 1, Zerg Ground Armor Level 2  
  108  10:02  Mutalisk x4  
  108  10:05  Queen  
  118  10:15  Baneling Nest  
  118  10:16  Drone x3  
  118  10:17  Extractor  
  119  10:27  Drone  
  111  10:32  Mutalisk, Zergling x6  
  111  10:33  Zergling x14  
  122  10:39  Zergling x6  
  122  10:40  Overlord  
  101  11:01  Mutalisk  
  101  11:02  Mutalisk, Zergling x14  
  102  11:06  Mutalisk x3  
  102  11:07  Zergling x4  
  102  11:10  Mutalisk, Queen  
  114  11:17  Zergling x4  
  116  11:24  Mutalisk  
  112  11:27  Zergling x4  
  112  11:29  Queen  
  108  11:32  Mutalisk  
  108  11:35  Mutalisk x2, Queen  
  108  11:36  Mutalisk  
  118  11:46  Zerg Flyer Weapons Level 1  
  118  11:47  Mutalisk, Centrifugal Hooks  
  118  11:48  Zergling x10  
  118  11:51  Overlord x2  
  118  11:52  Overlord  
  118  11:53  Baneling x5  
  125  11:57  Overlord  
  125  11:58  Overlord  
  118  12:10  Mutalisk  
  118  12:11  Mutalisk x2, Zergling x4  
  118  12:12  Zergling x4  
  117  12:21  Zergling x6  
  117  12:22  Zergling x8  
  124  12:25  Drone x2  
  126  12:30  Mutalisk, Zergling x2  
  126  12:35  Mutalisk x2  
  133  12:42  Mutalisk  
  133  12:43  Zergling x2  
  136  12:47  Baneling x5  
  136  12:48  Baneling x9  
  136  12:49  Zergling x16  
  144  12:54  Zergling x2  
  144  12:55  Queen  
  147  13:04  Zergling x22  
  147  13:05  Zergling x2  
  159  13:09  Hatchery  
  159  13:11  Mutalisk  
  159  13:12  Zergling x6  
  163  13:16  Baneling x5  
  163  13:21  Zergling x6  
  163  13:23  Overlord x4  
  166  13:39  Overlord  
  166  13:41  Pneumatized Carapace  
  166  13:44  Overseer  
  166  13:48  Mutalisk x3  
  166  13:49  Zergling x12  
  166  13:50  Zergling x18  
  187  14:07  Mutalisk x2  
  187  14:08  Mutalisk, Zergling x8  
  187  14:09  Zergling x4  
  199  14:11  Overlord  
Show
View Real Time Build Order
Export as new Build Order

Skyler Terran 

Build Orders: Reaper Expand 

Get SALT Encoding   

  12  0:00  SCV  
  13  0:12  SCV  
  14  0:16  Supply Depot  
  14  0:24  SCV  
  15  0:38  SCV  
  15  0:40  Barracks  
  16  0:44  Refinery  
  16  0:50  SCV  
  17  1:02  SCV  
  18  1:14  SCV  
  19  1:27  Reaper  
  19  1:28  Orbital Command  
  20  1:42  Command Center  
  20  1:53  SCV  
  21  1:57  Barracks  
  21  2:00  Barracks Reactor  
  21  2:05  SCV  
  22  2:09  Supply Depot  
  22  2:17  SCV  
  22  2:22  Factory  
  23  2:27  Refinery  
  23  2:33  SCV  
  24  2:41  Marine  
  24  2:42  Marine  
  25  2:45  Barracks Tech Lab  
  25  2:46  SCV  
  26  2:54  Orbital Command  
  26  2:58  SCV  
  27  2:59  Marine x2  
  27  3:05  Marine  
  30  3:07  Stimpack, Factory Tech Lab  
  30  3:13  SCV  
  30  3:18  Marine x2  
  33  3:20  SCV  
  33  3:24  Marine  
  35  3:28  Siege Tank  
  35  3:31  SCV  
  39  3:36  Supply Depot  
  39  3:37  Marine x2  
  39  3:40  SCV  
  42  3:43  SCV  
  42  3:47  Marine  
  44  3:52  Starport  
  44  3:54  SCV, Marine  
  46  3:58  Marine  
  47  4:05  Marine, SCV  
  47  4:06  SCV  
  47  4:08  Supply Depot  
  50  4:14  Supply Depot  
  50  4:16  Marine x2  
  52  4:17  SCV  
  53  4:24  SCV  
  53  4:30  Siege Tank, Marine, Medivac, SCV  
  61  4:33  Supply Depot  
  61  4:36  SCV  
  62  4:38  Supply Depot  
  62  4:41  Marine x2  
  64  4:49  Combat Shield  
  64  4:50  Engineering Bay, Marine  
  65  4:58  Marine  
  65  4:59  Marine  
  65  5:11  Marine  
  57  5:16  Siege Tank, Marine  
  57  5:17  SCV x2  
  57  5:19  Refinery  
  63  5:22  Barracks  
  63  5:23  Supply Depot x2, Marine  
  64  5:29  SCV x2, Marine  
  64  5:34  Marine  
  66  5:43  Marine  
  66  5:47  Marine  
  59  5:50  SCV  
  59  5:52  Marine  
  59  5:54  SCV  
  61  5:58  Starport Reactor  
  61  5:59  Terran Infantry Weapons Level 1  
  61  6:03  Command Center, SCV  
  62  6:04  Marine  
  62  6:05  Marine  
  60  6:15  Barracks Reactor  
  60  6:18  SCV x2  
  62  6:20  Engineering Bay  
  62  6:21  Refinery  
  62  6:24  Marine x3  
  62  6:25  Siege Tank  
  57  6:42  Marine x3  
  39  6:50  SCV x2  
  36  6:54  Marine x2  
  36  6:57  Siege Tank  
  36  6:59  Marine  
  36  7:00  Marine  
  40  7:17  Marine x2  
  40  7:18  Marine x2  
  40  7:22  Terran Infantry Armor Level 1  
  40  7:31  SCV  
  40  7:33  Marine  
  40  7:35  Marine x2, Medivac  
  39  7:38  Marine  
  39  7:39  Orbital Command, Marine  
  39  7:43  SCV  
  42  7:51  Marine  
  42  7:53  Marine x2  
  42  7:56  Marine x2  
  42  7:57  Siege Tank  
  50  8:02  SCV  
  51  8:09  Marine  
  52  8:13  Orbital Command  
  52  8:14  SCV x2  
  52  8:17  Marine  
  55  8:21  Marine  
  55  8:24  Marine  
  55  8:26  SCV x2  
  59  8:27  Marine  
  59  8:28  Marine  
  61  8:42  Supply Depot  
  61  8:43  Supply Depot  
  61  8:47  Marine x2, SCV x2  
  65  8:48  Marine  
  65  8:51  Marine  
  65  8:52  Marine  
  68  9:04  Medivac x2  
  68  9:08  Marine  
  68  9:09  Marine  
  69  9:15  Marine x3  
  72  9:23  Siege Tank  
  75  9:26  Marine x2  
  73  9:33  Marine  
  73  9:35  Marine x2  
  73  9:36  SCV x2  
  78  9:42  Medivac  
  78  9:44  Marine  
  81  9:47  Supply Depot x2  
  81  9:49  Marine  
  81  9:50  Marine  
  79  9:55  Siege Tank  
  76  10:00  SCV x3  
  76  10:04  Refinery  
  76  10:06  Marine  
  80  10:11  Medivac  
  82  10:15  Marine  
  82  10:16  Refinery, Marine  
  84  10:27  Siege Tank, Marine x2  
  84  10:28  Marine  
  87  10:33  Marine, Medivac  
  87  10:34  Marine  
  91  10:45  Marine x3  
  90  10:51  Marine  
  90  10:52  Marine  
  82  10:59  Siege Tank  
  82  11:00  Armory, SCV x2  
  82  11:03  Marine x3  
  74  11:06  SCV  
  74  11:09  Marine x2  
  74  11:12  SCV  
  74  11:18  SCV x2, Barracks  
  76  11:19  Barracks  
  76  11:21  Marine x3  
  76  11:24  SCV  
  74  11:27  Marine  
  74  11:28  Marine  
  68  11:37  SCV  
  68  11:38  SCV x2, Marine  
  68  11:39  Marine x2  
  74  11:46  Medivac x2  
  78  11:48  Marine  
  78  11:49  Marine  
  80  11:59  Terran Infantry Weapons Level 2  
  80  12:03  Terran Infantry Armor Level 2  
  77  12:10  Marine  
  77  12:12  Marine x2  
  77  12:13  Marine x3  
  77  12:15  Marine  
  73  12:21  Missile Turret  
  70  12:24  Missile Turret  
  70  12:28  Marine  
  71  12:30  Marine x2  
  71  12:33  Marine x3  
  76  12:41  Marine  
  77  12:46  Marine  
  77  12:48  Marine x2  
  77  12:50  Widow Mine, Drilling Claws  
  82  12:51  Marine  
  82  12:57  Barracks Reactor x2  
  83  12:59  Factory, Marine  
  83  13:01  SCV  
  83  13:03  SCV  
  83  13:04  Marine  
  87  13:06  Marine  
  87  13:07  Marine  
  87  13:09  Marine  
  87  13:10  Medivac  
  87  13:11  Medivac  
  94  13:13  Widow Mine  
  94  13:15  SCV  
  94  13:16  SCV  
  98  13:21  Marine  
  98  13:22  Marine  
  98  13:24  Marine  
  98  13:26  Supply Depot  
  101  13:29  Supply Depot  
  101  13:45  Factory Reactor, Command Center  
  101  13:47  Marine x5  
  101  13:48  Widow Mine, SCV  
  109  13:50  Marine x2, SCV x2  
  113  14:00  SCV  
  113  14:01  Barracks Reactor  
  113  14:02  SCV  
  114  14:04  SCV  
  114  14:05  Marine x2  
  114  14:07  Marine x3  
  114  14:08  Marine x2  
Tags
 
Add a new tag
Caveats
  • Supply blocks, unpowered buildings, or Contaminate may cause inaccurate times.
  • Supply counts are checked every 10 seconds.